 Dungeon Crawl Stone Soup version 0.29-a0-824-gd827844252 (webtiles) character file.

Game seed: 8385158938303433788

22 coolguy69 the Trooper (level 2, -1/16 HPs)
             Began as a Vine Stalker Monk on July 10, 2022.
             Slain by Terence
             ... wielding a +0 flail
              (7 damage)
             ... on level 2 of the Dungeon.
             The game lasted 00:00:39 (1269 turns).

coolguy69 the Trooper (Vine Stalker Monk)           Turns: 1269, Time: 00:00:39

Health: -1/16      AC:  2    Str: 13    XL:     2   Next: 91%
Magic:  0/3        EV: 13    Int: 10    God:
Gold:   85         SH:  0    Dex: 16    Spells: 1/1 levels left

rFire   . . .      SeeInvis +   a - +0 short sword
rCold   . . .      Faith    .   (no shield)
rNeg    . . .      Spirit   +   b - +0 robe
rPois   .          Reflect  .   (no helmet)
rElec   .          Harm     .   (no cloak)
rCorr   .          Rampage  .   (no gloves)
Will    .....                   (no boots)
Stlth   ++........              (no amulet)
HPRegen 0.05/turn               e - ring of see invisible
MPRegen 0.08/turn               (no ring)

@: no status effects
A: fangs 2, magic shield, antimagic bite, no potion heal 2
a: no special abilities


You were on level 2 of the Dungeon.
You visited 1 branch of the dungeon, and saw 2 of its levels.

You collected 85 gold pieces.

Inventory:

Hand Weapons
 a - a +0 short sword (weapon)
Armour
 b - a +0 robe (worn)
Jewellery
 e - a ring of see invisible (left hand)
 i - a ring of protection from fire
Scrolls
 f - a scroll of amnesia {unknown}
Potions
 c - a potion of ambrosia
 d - a potion of haste {unknown}
 g - 3 potions of curing {unknown}
 h - a potion of flight {unknown}
 j - a potion of degeneration {unknown}


   Skills:
 + Level 3.0 Fighting
 + Level 3.0 Short Blades
 + Level 2.7 Dodging
 + Level 2.7 Stealth


You had one spell level left.
You didn't know any spells.
Your spell library was empty.

Dungeon Overview and Level Annotations

Branches:
Dungeon (2/15)

Altars:

Annotations:
D:2 Terence


Innate Abilities, Weirdness & Mutations

You have extremely sharp teeth.
When hurt, damage is shared between your health and your magic reserves.
Your bite disrupts and absorbs the magic of your enemies.
Potions cannot restore your health.


Message History

The ball python is severely wounded.
The ball python closely misses you. The ball python grabs you.
The ball python constricts you.
You hit the ball python.
You kill the ball python!
No target in view!
No target in view!
A ball python comes into view.
The ball python hisses angrily.
A ball python is nearby!
A ball python is nearby!
You hit the ball python.
You kill the ball python!
You open the door.
Found a stone staircase leading down.
No target in view!
There is an open door here.
Terence the Incautious comes into view.
He is wielding a +0 flail.
Found 13 gold pieces.
Terence is nearby!
Found a scroll labelled QAEGIUSI CYOLI.
Terence is nearby!
A worm comes into view.
There are monsters nearby!
The helpless Terence fails to defend himself.
You puncture Terence! You bite Terence, but do no damage.
Terence is moderately wounded.
Terence hits you with a +0 flail!
Ouch! That really hurt!
You are too injured to fight recklessly!
You are too injured to fight recklessly!
You are too injured to fight recklessly!
You are too injured to fight recklessly!
You are too injured to fight recklessly!
A ball python comes into view.
The ball python hisses angrily.
Terence attacks as you move away! Terence barely misses you.
Terence attacks as you move away! Terence barely misses you.
Terence attacks as you move away! Terence hits you with a +0 flail!
You die...

#### #...
#############...
#...............
#######...............
####>....'.............##
........@#.............#
........@#.............##
.........#..............#
........S#..............#
.........##############..
............S... #...
................ .......
.......w.####### ####.#.
.........# #.##


You could see Terence, a worm and a ball python.

Vanquished Creatures
  A dart slug (D:1)
  3 endoplasms
  2 goblins (D:1)
  4 hobgoblins
  2 ball pythons (D:2)
  2 bats (D:1)
  4 frilled lizards
  A kobold (D:2)
  A rat (D:1)
20 creatures vanquished.

Notes
Turn   | Place    | Note
-------+----------+-------------------------------------------
     0 | D:1      | coolguy69 the Vine Stalker Monk began the quest for the
                  | Orb.
     0 | D:1      | Reached XP level 1. HP: 11/11 MP: 2/2
   296 | D:1      | Reached XP level 2. HP: 14/16 MP: 3/3
   984 | D:1      | Found a faded altar of an unknown god.
  1254 | D:2      | Noticed Terence
  1269 | D:2      | Slain by Terence

Illustrated notes

Levels and vault maps discovered:
D:1:      scummos_arrival_simple_crosswalls, layout_loops_corners,
          dreamdust_ecumenical_altar_statues, minmay_misc_feat_iff,
          supply_closet_lemuel
D:2:      layout_basic, dreamdust_wishing_well, uniq_terence

Skill      XL: |  1  2 |
---------------+-------+-----
Fighting       | 3 |  3.0
Short Blades   | 3 |  3.0
Dodging        | |  2.7
Stealth        | |  2.7

Action                   || total
-------------------------++-------
Melee: Short sword       ||    36
       Bite              ||     9
 Stab: Sleeping          ||     5
Armor: Robe              ||     3
Dodge: Dodged            ||    15

Table legend: (Time is in decaauts)
 A = Elapsed time spent in this place.
 B = Non-inter-level travel time spent in this place.
 C = Inter-level travel time spent in this place.
 D = Time resting spent in this place.
 E = Time spent auto-exploring this place.
 F = Levels seen in this place.
 G = Mean time per level.
                   A        B        C        D        E       F      G
               +--------+--------+--------+--------+--------+-----+--------+
         Total |   1267 |   1223 |     44 |      0 |   1082 |   2 |  633.5 |
       Dungeon |   1267 |   1223 |     44 |      0 |   1082 |   2 |  633.5 |
               +--------+--------+--------+--------+--------+-----+--------+

Top non-repeatable levels by time:
     D:1: 1093 daAuts
     D:2: 174 daAuts
